 Dungeon Crawl Stone Soup version 0.31-a0-963-ga325b2283a (webtiles) character file.

Game seed: 12084446477283353037

108 croobank the Chiller (level 4, 0/27 HPs)
             Began as an Octopode Ice Elementalist on Oct 24, 2023.
             Slain by an orc
             ... wielding a +0 flail
              (10 damage)
             ... on level 3 of the Dungeon.
             The game lasted 00:04:22 (1634 turns).

croobank the Chiller (Octopode Ice Elementalist)    Turns: 1634, Time: 00:04:22

Health: 0/27       AC:  1    Str:  7    XL:     4   Next: 87%
Magic:  5/8        EV: 13    Int: 19    God:
Gold:   77         SH:  0    Dex: 12    Spells: 1/8 levels left

rFire   . . .        g - +0 dagger
rCold   . . .        (no shield)
rNeg    . . .        (helmet currently unavailable)
rPois   .            (no amulet)
rElec   .            (no ring)
rCorr   .            (no ring)
SInv    .            (no ring)
Will    .....        (no ring)
Stlth   +++          (no ring)
HPRegen 0.24/turn    (no ring)
MPRegen 0.11/turn    (no ring)
                     (no ring)

%: no passive effects
@: beast-form, freezing walls
A: beast (slay +0), almost no armour, amphibious, 8 rings, camouflage 1,
gelatinous body 1, (nimble swimmer 1), tentacles
a: Begin Untransformation


You were on level 3 of the Dungeon.
You were a hulking beast.
You visited 1 branch of the dungeon, and saw 3 of its levels.

You collected 77 gold pieces.

Inventory:

Hand Weapons
 b - a +0 whip
 g - a +0 dagger (weapon)
 i - a +0 long sword
 n - a +0 war axe
Missiles
 k - 5 boomerangs
Magical Staves
 l - a staff of air
Talismans
 h - a beast talisman (active)
Scrolls
 d - 3 scrolls of identify {unknown}
 e - 3 scrolls of teleportation {unknown}
 f - a scroll of enchant weapon {unknown}
 j - 2 scrolls of acquirement {unknown}
Potions
 a - a potion of magic
 c - a potion of curing {unknown}
 m - a potion of cancellation {unknown}


   Skills:
 + Level 2.9 Dodging
 + Level 4.1 Stealth
 + Level 2.8 Spellcasting
 + Level 4.5 Ice Magic


You had one spell level left.
You knew the following spells:

 Your Spells              Type           Power      Damage    Failure   Level
a - Freeze                Ice            80%        1d9       2%          1
b - Frozen Ramparts       Ice            40%        1d7       7%          3
c - Ozocubu's Armour      Ice            20%        N/A       7%          3

Your spell library contained the following spells:

 Spells                   Type           Power      Damage    Failure   Level
 Summon Ice Beast         Ice/Summ       11%        N/A       52%         4


Dungeon Overview and Level Annotations

Branches:
Dungeon (3/15)

Altars:

Shops:
D:1 :


Innate Abilities, Weirdness & Mutations

You are a hulking beast.
Your limbs bulge with bestial killing power. (Slay +0)
You cannot wear most types of armour.
You are amphibious.
You can wear up to eight rings at the same time.
Your skin changes colour to match your surroundings (Stealth+).
Your rubbery body absorbs attacks. (AC +1, EV +1)
((You are camouflaged when in or above water. (Stealth+)))
You have tentacles for arms and can constrict up to eight enemies at once.


Message History

You hit the frilled lizard but do no damage.
You grab the frilled lizard. Your squeeze misses the frilled lizard.
You constrict the frilled lizard. The frilled lizard bites you.
Casting: Frozen Ramparts (quite dangerous; 7% risk of failure)
Confirm with . or Enter, or press ? or * to list all spells.
Casting: Frozen Ramparts (quite dangerous; 7% risk of failure)
Press: ? - help, Dir - look around, f - activate You miscast Frozen Ramparts.
You are very lightly contaminated with residual magic.
Nothing appears to happen.
You constrict the frilled lizard.
You kill the frilled lizard!
No target in view!
Your magical contamination has completely faded away.
You now have 77 gold pieces (gained 7).
You open the door. 2 orcs come into view.
Found a mace. 2 orcs come into view.
The orc shouts! x3
There is an open door here.
You closely miss the orc.
The orc shouts!
You grab the orc. You squeeze the orc.
The orc is severely wounded.
You constrict the orc. The orc hits you with a +0 club.
You hit the orc but do no damage. You squeeze the orc.
You kill the orc!
The orc closely misses you. The orc barely misses you.
You hit the orc. You grab the orc. You squeeze the orc.
You kill the orc!
The orc hits you with a +0 flail! The orc hits you with a +0 flail.
Casting: Frozen Ramparts (quite dangerous; 7% risk of failure)
Confirm with . or Enter, or press ? or * to list all spells.
Casting: Frozen Ramparts (quite dangerous; 7% risk of failure)
Press: ? - help, Dir - look around, f - activate An open door, spattered with blood.
The walls around you are covered in ice.
The wall freezes the orc!
The orc misses you.
The wall freezes the orc.
The orc hits you with a +0 flail!
You die...

# #.#.##.# #.#.##.# #
#.#.##.# # ###......##
#+#. # #.........# #...#
#### #.###.###.# #.....
...# #.........##......
##.####..#...#..#)......
................ho...)..
##.####..#...#..#o......
##.# #.........##......
##.# ##.#.###.## #.....
...# #.#.# #.# #...#
#### #.... ..# #+##
##.#### .


You could see 2 orcs.

Vanquished Creatures
  An orc priest (D:3)
  An orc wizard (D:3)
  An adder (D:2)
  A worm (D:2)
  A dart slug (D:2)
  3 orcs (D:3)
  3 endoplasms
  3 giant cockroaches
  4 goblins
  4 hobgoblins
  A quokka (D:2)
  A ball python (D:2)
  4 frilled lizards
  3 kobolds
  5 rats
36 creatures vanquished.

Notes
Turn   | Place    | Note
-------+----------+-------------------------------------------
     0 | D:1      | croobank the Octopode Ice Elementalist began the quest for
                  | the Orb.
     0 | D:1      | Reached XP level 1. HP: 11/11 MP: 3/3
    17 | D:1      | Noticed a glass eye
    57 | D:1      | Found a faded altar of an unknown god.
    59 | D:1      | Noticed an eye of devastation
    59 | D:1      | Noticed an eye of devastation
    59 | D:1      | Noticed a glass eye
   173 | D:1      | Reached XP level 2. HP: 17/17 MP: 5/5
   469 | D:1      | Found Eckil's Book Boutique.
   690 | D:2      | Reached XP level 3. HP: 18/21 MP: 3/6
  1236 | D:3      | Learned a level 3 spell: Frozen Ramparts
  1340 | D:3      | Reached XP level 4. HP: 20/27 MP: 2/7
  1344 | D:3      | Learned a level 3 spell: Ozocubu's Armour
  1634 | D:3      | Slain by an orc

Illustrated notes

Levels and vault maps discovered:
D:1:      dpeg_arrival_rhombus, layout_basic, serial_shops, shop,
          hellmonk_ecumenical_altar_watching_god
D:2:      layout_rooms, feat_on_display
D:3:      layout_loops_corners, tgw_trog

Skill      XL: |  1  2  3  4 |
---------------+-------------+-----
Stealth        | 3 4 |  4.1
Dodging        | |  2.9
Spellcasting   | |  2.8
Ice Magic      | |  4.5

Action                     |  1- 3 |  4- 6 || total
---------------------------+-------+-------++-------
  Melee: Whip              |     6 |       ||     6
         Constrict         |     7 |     6 ||    13
         Unarmed           |     2 |       ||     2
         Dagger            |    38 |    10 ||    48
         Punch             |     1 |       ||     1
         Tentacles         |     5 |     4 ||     9
   Cast: Freeze            |    20 |       ||    20
         Frozen Ramparts   |     2 |     3 ||     5
         Ozocubu's Armour  |       |     1 ||     1
   Stab: Sleeping          |    10 |       ||    10
 Armour: Skin              |    17 |     6 ||    23
  Dodge: Dodged            |    30 |     7 ||    37
   Form: Beast             |     1 |       ||     1

Table legend: (Time is in decaauts)
 A = Elapsed time spent in this place.
 B = Non-inter-level travel time spent in this place.
 C = Inter-level travel time spent in this place.
 D = Time resting spent in this place.
 E = Time spent auto-exploring this place.
 F = Levels seen in this place.
 G = Mean time per level.
                   A        B        C        D        E       F      G
               +--------+--------+--------+--------+--------+-----+--------+
         Total |   1633 |   1593 |     40 |    212 |   1071 |   3 |  544.3 |
       Dungeon |   1633 |   1593 |     40 |    212 |   1071 |   3 |  544.3 |
               +--------+--------+--------+--------+--------+-----+--------+

Top non-repeatable levels by time:
     D:1: 678 daAuts
     D:2: 551 daAuts
     D:3: 402 daAuts
